 Dungeon Crawl Stone Soup version 0.31-a0-662-g684573625c (webtiles) character file.

Game seed: 13175163105256456224

32721 quinnr the Zephyrmancer (level 13, -4/74 HPs)
             Began as a Tengu Air Elementalist on Aug 31, 2023.
             Was an Elder of Vehumet.
             Slain by Rupert
             ... wielding a +0 battleaxe of electrocution
              (16 damage)
             ... on level 3 of the Lair of Beasts on Sept 1, 2023.
             The game lasted 00:41:30 (22221 turns).

quinnr the Zephyrmancer (Tengu Air Elementalist)   Turns: 22221, Time: 00:41:30

Health: -4/74      AC: 11    Str:  8    XL:     13   Next: 66%
Magic:  15/29      EV: 20    Int: 23    God:    Vehumet [****..]
Gold:   956        SH:  5    Dex: 15    Spells: 7/34 levels left

rFire   . . .        S - staff of air {!a}
rCold   + . .        W - orb {light}
rNeg    . . .        Z - +0 leather armour of Quantum Leap {rC+ Regen+ Int+2}
rPois   .            m - +2 hat
rElec   +            B - +0 cloak
rCorr   +            y - +0 pair of gloves
SInv    .            (boots unavailable)
Will    .....        N - amulet of reflection
Stlth   ++           R - ring of resist corrosion
HPRegen 1.12/turn    T - +4 ring of protection
MPRegen 0.21/turn

%: reflection, acrobat
@: flying, glowing
A: beak, talons 3, evasive flight, acrobatic
a: Renounce Religion


You were on level 3 of the Lair of Beasts.
You worshipped Vehumet.
Vehumet was greatly pleased with you.
You visited 3 branches of the dungeon, and saw 15 of its levels.
You also visited: Sewer and Bailey.

You collected 1068 gold pieces.
You spent 112 gold pieces at shops.


Innate Abilities, Weirdness & Mutations

You have a beak for a mouth.
You have claws for feet.
Your magical flight helps you evade attacks. (EV +4)
You can magically evade attacks while moving or waiting.


   Skills:
 - Level 6.0 Fighting
 - Level 2.0 Maces & Flails
 - Level 4.0 Armour
 - Level 10.0 Dodging
 - Level 9.0 Stealth
 + Level 11.3 Spellcasting
 - Level 8.0 Conjurations
 - Level 4.0 Hexes
 - Level 6.0 Summonings
 + Level 12.3 Air Magic
 - Level 5.0 Evocations


You had 7 spell levels left.
You knew the following spells:

 Your Spells              Type           Power      Damage    Failure   Level
a - Airstrike             Air            40%        2d(6-22)  1%          4
b - Iskenderun's Battles  Conj           49%        2d10      1%          5
d - Dazzling Flash        Conj/Hex       80%        N/A       1%          3
i - Swiftness             Air            81%        N/A       1%          3
l - Summon Lightning Spi  Summ/Air       70%        N/A       1%          4
t - Static Discharge      Conj/Air       100%       2-7/arc   1%          2
z - Shock                 Conj/Air       100%       1d9       1%          1
X - Arcjolt               Conj/Air       37%        1d47      1%          5

Your spell library contained the following spells:

 Spells                   Type           Power      Damage    Failure   Level
 Freeze                   Ice            52%        1d6       1%          1
 Summon Small Mammal      Summ           100%       N/A       1%          1
 Cigotuvi's Dreadful Rot  Necr/Pois/Air  94%        N/A       1%          2
 Call Canine Familiar     Summ           40%        N/A       1%          3
 Summon Guardian Golem    Hex/Summ       36%        N/A       2%          3
 Ensorcelled Hibernation  Hex/Ice        44%        N/A       4%          2
 Conjure Ball Lightning   Conj/Air       37%        3x3d12    4%          6
 Volatile Blastmotes      Fire/Tloc      26%        2d12      5%          3
 Vhi's Electric Charge    Tloc/Air       100%       N/A       5%          4
 Portal Projectile        Hex/Tloc       44%        N/A       9%          3
 Blink                    Tloc           26%        N/A       11%         2
 Animate Armour           Summ/Erth      52%        N/A       21%         4
 Anguish                  Hex/Necr       11%        N/A       30%         4
 Lee's Rapid Deconstruct  Erth           6%         3d6*      41%         5
 Starburst                Conj/Fire      15%        6d6       45%         6
 Animate Dead             Necr           13%        N/A       56%         4
 Dispel Undead            Necr           13%        3d9       56%         4
 Manifold Assault         Tloc           13%        N/A       56%         4
 Eringya's Noxious Bog    Tmut/Pois      6%         4d6       92%         6
 Death Channel            Necr           6%         N/A       100%        6
 Dispersal                Tloc           6%         N/A       100%        6
 Haunt                    Necr/Summ      13%        N/A       100%        7
 Maxwell's Capacitive Co  Air            40%        ∞         56%         8
 Discord                  Hex            15%        N/A       100%        8
 Disjunction              Tloc           6%         N/A       100%        8
 Infestation              Necr           6%         N/A       100%        8
 Polar Vortex             Ice            6%         N/A       100%        9

Inventory:

Hand Weapons
 a - the +6 hammer of the Establishment {protect, rPois Will+ Int+2 Dex-4}
   (You found it on level 2 of the Dungeon)

   Int+2:     It affects your intelligence (+2).
   Dex-4:     It affects your dexterity (-4).
   rPois:     It protects you from poison Will+: It increases your willpower.
 d - a +4 dagger of venom
 s - a +1 sling of electrocution
 X - the +3 trident of the Empty Page {elec, +Blink rPois rF+ Int-2}
   (You found it on level 8 of the Dungeon)

   Int-2:     It affects your intelligence (-2).
   rF+:       It protects you from fire.
   rPois:     It protects you from poison +Blink: It lets you blink.
Missiles
 t - 4 curare-tipped darts {=f}
 F - 5 throwing nets {=f}
Armour
 m - a +2 hat (worn)
 y - a +0 pair of gloves (worn)
 B - a +0 cloak (worn)
 W - an orb of light (worn)
 Z - the +0 leather armour of Quantum Leap (worn) {rC+ Regen+ Int+2}
   (You found it on level 10 of the Dungeon)

   Int+2:     It affects your intelligence (+2).
   rC+:       It protects you from cold.
   Regen+:    It increases your rate of health regeneration.
Magical Staves
 K - a staff of conjuration {!a}
 M - a staff of cold {!a}
 S - a staff of air (weapon) {!a}
Jewellery
 z - an amulet of regeneration
 C - a ring of protection from cold
 D - an amulet of guardian spirit
 E - a +5 ring of evasion
 N - an amulet of reflection (around neck)
 R - a ring of resist corrosion (left hand)
 T - a +4 ring of protection (right hand)
Talismans
 V - a serpent talisman
Wands
 v - a wand of charming (6)
 U - a wand of flame (27)
 Y - a wand of mindburst (14)
Scrolls
 h - 2 scrolls of poison
 k - 3 scrolls of fog
 o - 4 scrolls of enchant armour {unknown}
 p - 3 scrolls of butterflies
 q - 2 scrolls of brand weapon
 u - 2 scrolls of vulnerability {unknown}
 w - 3 scrolls of immolation {unknown}
 A - 5 scrolls of teleportation {unknown}
 H - a scroll of revelation
 J - a scroll of enchant weapon
 L - a scroll of fear {unknown}
Potions
 b - 4 potions of magic
 c - 4 potions of haste {@q3}
 e - 12 potions of degeneration
 f - 7 potions of curing {@q1}
 i - 4 potions of cancellation
 j - 2 potions of lignification
 l - 4 potions of enlightenment
 n - 5 potions of mutation
 r - 2 potions of might
 x - 3 potions of heal wounds {@q2}
 G - 2 potions of ambrosia
 I - 4 potions of invisibility
 O - a potion of attraction
 Q - a potion of brilliance
Miscellaneous
 P - a tin of tremorstones (2/2)

Dungeon Overview and Level Annotations

Branches:
Dungeon (11/15)            Temple (1/1) D:7            Lair (3/5) D:9
  Swamp (0/4) Lair:3       Spider (0/4) Lair:3          Orc (0/2) D:10
  Sewer (visited)          Bailey (visited)

Altars:
Ashenzari
Cheibriados
Dithmenos
Elyvilon
Fedhas
Gozag
Hepliaklqana
Kikubaaqudgha
Makhleb
Nemelex Xobeh
Okawaru
Qazlal
Ru
Sif Muna
Trog
Uskayaw
Vehumet
Wu Jian
Xom
Yredelemnul
Zin
The Shining One

Shops:
D:6 [

Annotations:
D:11 exclusion: cyclops
Lair:3 Rupert

...## #...######.######..#......
.(.P# #....# #.# #..........
...## #....#♣ ♣♣♣ ♣♣♣.♣♣.♣♣♣♣
....# ##....♣ ♣♣♣♣♣♣ ...##
##....♣♣♣♣♣♣ ....#
#..♣♣♣.♣♣..▒▒▒▒▒▒▒▒▒▒▒▒▒▒▒ ...P#
##♣♣†8♣♣..§▒.....▒..▒....▒
...######♣♣.♣♣♣.§§▒.....▒..▒....▒
.........♣.♣..♣§@@'.....'..').÷.▒
.........♣♣♣♣..♣..▒.....▒.)▒▒'▒▒▒
.........♣♣♣.♣♣♣§§▒▒▒'▒▒▒§.▒ ...
.........♣♣.♣.♣♣§§▒.....▒..▒ ...▒
.........♣♣♣.♣♣♣.§▒.....▒..▒ ...▒
..........♣♣♣.♣♣..▒▒▒▒▒▒▒▒▒▒ ▒▒▒▒
#..##...#....♣♣♣♣♣♣
######.####..♣ #.. #..♣# . ♣♣#


You could see Rupert (berserk).


Message History

As you read the scroll of blinking, it crumbles to dust.
Aiming: Throw Flame
Press: ? - help, Shift-Dir - straight line, f - Rupert
Aim: Rupert, wielding a +0 battleaxe of electrocution and wearing a +0 chain mail (translocational energy, almost dead, berserk, 81% to hit)
The puff of flame hits Rupert.
Rupert is almost dead.
Aiming: Throw Flame
Press: ? - help, Shift-Dir - straight line, f - you, p - Rupert
Okay, then.
Unknown command.
Magic courses through your body.
Casting: Static Discharge (safe; 1% risk of failure)
Confirm with . or Enter, or press ? or * to list all spells.
Aiming: Airstrike (safe; 1% risk of failure)
Press: ? - help, Dir - move target, f - Rupert
Aim: Rupert, wielding a +0 battleaxe of electrocution and wearing a +0 chain mail (almost dead, berserk, haloed, empty space bonus: 6/8)
You feel a surge of power!
The air twists around and strikes Rupert!!
Rupert is almost dead.
Casting: Airstrike (safe; 1% risk of failure)
Confirm with . or Enter, or press ? or * to list all spells.
Aiming: Airstrike (safe; 1% risk of failure)
Press: ? - help, Dir - move target, f/p - Rupert
Aim: Rupert, wielding a +0 battleaxe of electrocution and wearing a +0 chain mail (almost dead, berserk, haloed, empty space bonus: 6/8)
You feel a surge of power!
The air twists around and strikes Rupert.
Rupert is almost dead.
Rupert hits you with a +0 battleaxe of electrocution!
You die...
Rupert roars with triumph.

Skill      XL: |  1  2  3  4  5  6  7  8  9 10 11 12 13 |
---------------+----------------------------------------+-----
Conjurations   | 2 3 4 5 6 7 8 |  8.0
Dodging        | 3 4 5 7 10 | 10.0
Stealth        | 3 4 5 9 |  9.0
Air Magic      | 5 6 9 11 12 | 12.3
Spellcasting   | 3 4 5 8 11 | 11.3
Fighting       | 4 5 6 |  6.0
Maces & Flails | 2 |  2.0
Evocations     | 4 5 |  5.0
Hexes          | 1 4 |  4.0
Summonings     | 6 |  6.0
Armour         | 4 |  4.0

Action                     |  1- 3 |  4- 6 |  7- 9 | 10-12 | 13-15 || total
---------------------------+-------+-------+-------+-------+-------++-------
  Melee: Unarmed           |    12 |       |       |       |       ||    12
         Peck              |     3 |     3 |     1 |    10 |    13 ||    30
         Dagger            |     5 |     8 |     3 |       |       ||    16
         Kick              |     1 |     3 |     6 |    28 |    12 ||    50
         Mace              |       |       |    19 |    57 |    30 ||   106
         Staff             |       |       |       |       |     2 ||     2
   Cast: Shock             |    92 |    46 |   321 |    94 |    16 ||   569
         Static Discharge  |       |     1 |     8 |    15 |     8 ||    32
         Airstrike         |       |       |    57 |   218 |    66 ||   341
         Dazzling Flash    |       |       |       |    15 |     6 ||    21
         Arcjolt           |       |       |       |    15 |    12 ||    27
         Swiftness         |       |       |       |     1 |       ||     1
         Summon Lightning  |       |       |       |    10 |    17 ||    27
         Iskenderun's Batt |       |       |       |     9 |     9 ||    18
  Evoke: Wand              |       |       |       |    13 |     2 ||    15
         Tin of tremorston |       |       |       |     3 |       ||     3
    Use: Scroll            |     1 |       |     1 |    19 |     2 ||    23
         Potion            |       |     1 |       |     1 |     1 ||     3
   Stab: Sleeping          |     1 |       |       |       |       ||     1
 Armour: Robe              |    13 |     4 |    31 |    54 |       ||   102
         Leather armour    |       |       |       |     3 |    46 ||    49
  Dodge: Dodged            |    38 |    20 |    60 |   141 |    36 ||   295
  Block: Orb               |       |       |       |    20 |    16 ||    36
         Reflection        |       |       |       |     2 |       ||     2

Levels and vault maps discovered:
D:1:      wander_arrival_lonely_grave, layout_rooms, minmay_pentomino_t4
D:2:      layout_rooms, chequers_serial_rivers_small_b, uniq_crazy_yiuf_cottage
D:3:      layout_rooms, vehumet_statue, beargit_hepliaklqana_dungeon_heroes,
          nzn_wu_jian_council_hall, mainiacjoe_overflow_alcove_1,
          old_standard_altar, portal_sewer_entry_b, grunt_ministairs_8,
          amcnicky_mini_pool_small
D:4:      layout_layer_cave, mainiacjoe_overflow_concentric_impassable
D:5:      lemuel_castle_with_subvaults [lemuel_castle_interior_carwin_2],
          layout_rooms, kennysheep_vampire_church, elyvilon_altar_5,
          nicolae_overflow_crystal_walls, uniq_eustachio, uniq_grinder
D:6:      layout_cave_pools, fedhas_altar_1, serial_shops,
          nicolae_shop_just_a_little_nook, minmay_fractal_squares_diagonal_5,
          uniq_jeremiah
D:7:      layout_rooms, nicolae_dithmenos_through_a_glass_darkly,
          minmay_temple_entry_proselytizer, uniq_joseph
D:8:      layout_rooms, xom_teletrap_fun, pf_just_have_faith, enter_bailey_3,
          serial_curves, eino_curves_01, eino_curves_02, nicolae_doodle_vault
D:9:      layout_stronghold, grunt_gozag_statues, mainiacjoe_overflow_paths,
          minmay_lair_entry_grove, lightli_corner_chamber, uniq_amaemon,
          uniq_harold
D:10:     layout_long_grid, erik_orc_1, uniq_snorg
D:11:     layout_basic
Temple:   hellmonk_temple_of_storms
Lair:1:   layout_cave_shapes
Lair:2:   layout_loops_ring, beast_lair_carwin_7, serial_bayou_shore_b,
          grunt_megastairs_1, lemuel_fruit_fields
Lair:3:   minmay_lair_oklob_chamber, layout_chaotic_city,
          minmay_swamp_entry_swarm, nicolae_spider_entry_orb_guardian,
          pdpol_lair_cabin_in_the_woods, uniq_nergalle

Notes
Turn   | Place    | Note
-------+----------+-------------------------------------------
     0 | D:1      | quinnr the Tengu Air Elementalist began the quest for the
                  | Orb.
     0 | D:1      | Reached XP level 1. HP: 10/10 MP: 4/4
   160 | D:1      | Reached XP level 2. HP: 15/15 MP: 1/6
   471 | D:1      | Reached skill level 2 in Conjurations
   547 | D:1      | Upgraded the game from 0.31-a0-656-gb4d89c20fa to
                  | 0.31-a0-662-g684573625c
   639 | D:1      | Reached XP level 3. HP: 19/19 MP: 5/7
  1712 | D:2      | Found a runed translucent door.
  1713 | D:2      | Noticed Crazy Yiuf
  1778 | D:3      | Reached XP level 4. HP: 24/24 MP: 2/8
  1794 | D:3      | Found a sparkling altar of Nemelex Xobeh.
  1796 | D:3      | Got the Anthology of the Raven
  1842 | D:3      | Found a glowing drain.
  1855 | D:3      | Reached skill level 3 in Dodging
  1861 | Sewer    | Entered a sewer
  1865 | Sewer    | Learned a level 2 spell: Static Discharge
  1947 | Sewer    | Noticed a kobold brigand
  1961 | Sewer    | Killed a kobold brigand
  1962 | Sewer    | Reached skill level 3 in Stealth
  1962 | Sewer    | Reached skill level 3 in Conjurations
  1962 | Sewer    | Reached skill level 5 in Air Magic
  1962 | Sewer    | Reached XP level 5. HP: 25/28 MP: 1/10
  2144 | Sewer    | Noticed a kobold brigand
  2156 | Sewer    | Killed a kobold brigand
  2157 | Sewer    | Reached skill level 3 in Spellcasting
  2157 | Sewer    | Reached XP level 6. HP: 23/32 MP: 0/11
  2470 | Sewer    | Reached skill level 4 in Dodging
  2470 | Sewer    | Reached skill level 4 in Conjurations
  2470 | Sewer    | Gained mutation: Your magical flight helps you evade
                  | attacks. (EV +4) [Tengu growth]
  2470 | Sewer    | Reached XP level 7. HP: 26/36 MP: 6/13
  2814 | Sewer    | Reached skill level 4 in Stealth
  3081 | Sewer    | Reached skill level 6 in Air Magic
  3439 | D:3      | Found a burning altar of Makhleb.
  3728 | D:3      | Found a radiant altar of Vehumet.
  4004 | D:3      | Became a worshipper of Vehumet
  4081 | D:3      | Reached skill level 5 in Conjurations
  4254 | D:3      | Learned a level 4 spell: Airstrike
  4264 | D:3      | Found an ornate altar of the Wu Jian Council.
  4428 | D:3      | Found a hazy altar of Hepliaklqana.
  4429 | D:3      | Found a faded altar of an unknown god.
  4429 | D:3      | Noticed Jessica
  4430 | D:3      | Killed Jessica
  4431 | D:3      | Reached skill level 4 in Spellcasting
  4779 | D:4      | Found a sacrificial altar of Ru.
  4941 | D:4      | Reached XP level 8. HP: 29/41 MP: 8/15
  5559 | D:5      | Entered Level 5 of the Dungeon
  5642 | D:5      | Reached skill level 5 in Dodging
  5642 | D:5      | Reached skill level 7 in Air Magic
  5776 | D:2      | Killed Crazy Yiuf
  5780 | D:2      | Identified the +6 hammer of the Establishment {protect,
                  | rPois Will+ Int+2 Dex-4}
  5932 | D:5      | Reached skill level 5 in Stealth
  6046 | D:5      | Reached * piety under Vehumet
  6046 | D:5      | Offered knowledge of Foxfire by Vehumet.
  6114 | D:5      | Found a broken altar of Ashenzari.
  6174 | D:5      | Reached skill level 8 in Air Magic
  6339 | D:5      | Found a white marble altar of Elyvilon.
  6532 | D:5      | Reached skill level 9 in Air Magic
  6532 | D:5      | Reached skill level 1 in Fighting
  6592 | D:5      | Noticed Eustachio
  6603 | D:5      | Reached skill level 2 in Fighting
  6860 | D:5      | Noticed Grinder
  6863 | D:5      | Killed Grinder
  6864 | D:5      | Reached skill level 3 in Fighting
  6938 | D:5      | Reached skill level 4 in Fighting
  7040 | D:5      | Reached XP level 9. HP: 52/52 MP: 10/16
  7057 | D:5      | Reached ** piety under Vehumet
  7057 | D:5      | Offered knowledge of Searing Ray by Vehumet.
  7237 | D:5      | Reached skill level 5 in Spellcasting
  7281 | D:5      | Reached skill level 1 in Maces & Flails
  7314 | D:5      | Reached skill level 2 in Maces & Flails
  7813 | D:5      | Killed Eustachio
  7888 | D:5      | Found an ancient bone altar of Kikubaaqudgha.
  7903 | D:5      | Offered knowledge of Frozen Ramparts by Vehumet.
  7904 | D:5      | Reached skill level 10 in Air Magic
  8435 | D:6      | Found Dugaacsu's Antique Armour Boutique.
  8440 | D:6      | Reached skill level 11 in Air Magic
  8464 | D:6      | Bought a pair of gloves for 112 gold pieces
  8495 | D:6      | Found a blossoming altar of Fedhas.
  8511 | D:6      | Noticed Jeremiah
  8633 | D:6      | Killed Jeremiah
  8709 | D:6      | Reached skill level 5 in Fighting
  8709 | D:6      | Reached skill level 6 in Dodging
  9141 | D:6      | Reached skill level 7 in Dodging
  9141 | D:6      | Reached XP level 10. HP: 59/59 MP: 5/18
  9670 | D:7      | Reached skill level 6 in Spellcasting
  9707 | D:7      | Reached *** piety under Vehumet
  9859 | D:7      | Noticed Joseph
  9870 | D:7      | Killed Joseph
  9993 | D:7      | Found a staircase to the Ecumenical Temple.
 10080 | Temple   | Entered the Ecumenical Temple
 10087 | D:7      | Identified a potion of resistance
 10188 | D:7      | Reached skill level 7 in Spellcasting
 10258 | D:7      | Found a shadowy altar of Dithmenos.
 10387 | D:8      | Found a shimmering altar of Xom.
 10445 | D:8      | Found a flagged portal.
 10450 | Bailey   | Entered a bailey
 10523 | Bailey   | Offered knowledge of Dazzling Flash by Vehumet.
 10662 | Bailey   | Noticed an orc knight
 10668 | Bailey   | Learned a level 3 spell: Dazzling Flash
 10902 | Bailey   | Killed an orc knight
 10903 | Bailey   | Reached skill level 8 in Spellcasting
 10903 | Bailey   | Reached skill level 2 in Evocations
 11053 | Bailey   | Reached skill level 3 in Evocations
 11124 | Bailey   | Found a large runed translucent door.
 11124 | Bailey   | Found a large runed translucent door.
 11125 | Bailey   | Noticed a deep elf zephyrmancer
 11218 | Bailey   | Learned a level 3 spell: Swiftness
 11224 | Bailey   | Killed a deep elf zephyrmancer
 11225 | Bailey   | Reached skill level 1 in Hexes
 11506 | D:8      | Noticed a two-headed ogre
 11535 | D:8      | Killed a two-headed ogre
 11536 | D:8      | Reached skill level 6 in Conjurations
 11536 | D:8      | Reached skill level 4 in Evocations
 11536 | D:8      | Reached XP level 11. HP: 22/63 MP: 4/24
 11653 | D:8      | Noticed a centaur warrior
 11671 | D:8      | Noticed a two-headed ogre
 12002 | D:8      | Identified the +3 trident of the Empty Page {elec, +Blink
                  | rPois rF+ Int-2}
 12035 | D:8      | Killed a centaur warrior
 12036 | D:8      | Reached skill level 2 in Hexes
 12335 | D:8      | Noticed a two-headed ogre
 12345 | D:8      | Killed a two-headed ogre
 12346 | D:8      | Reached skill level 7 in Conjurations
 12346 | D:8      | Reached **** piety under Vehumet
 12547 | D:8      | Killed a two-headed ogre
 12548 | D:8      | Reached skill level 5 in Evocations
 12769 | D:8      | Got the Guide on Lightning and the Gift
 12787 | D:8      | Learned a level 5 spell: Arcjolt
 12977 | D:8      | Found a basalt altar of Yredelemnul.
 13108 | D:9      | Reached skill level 3 in Hexes
 13196 | D:8      | Reached skill level 6 in Fighting
 13395 | D:9      | Noticed Harold
 13400 | D:9      | Killed Harold
 13401 | D:9      | Reached skill level 8 in Dodging
 13582 | D:9      | Found a stormy altar of Qazlal.
 13689 | D:9      | Found a staircase to the Lair.
 13699 | Lair:1   | Entered Level 1 of the Lair of Beasts
 13924 | Lair:1   | Reached skill level 4 in Hexes
 13953 | Lair:1   | Offered knowledge of Volatile Blastmotes by Vehumet.
 13954 | Lair:1   | Reached skill level 9 in Dodging
 14157 | D:9      | Found an opulent altar of Gozag.
 14224 | D:9      | Noticed a brown ugly thing
 14227 | D:9      | Killed a brown ugly thing
 14404 | D:9      | Noticed a centaur warrior
 14416 | D:9      | Reached skill level 10 in Dodging
 14522 | D:9      | Reached XP level 12. HP: 50/70 MP: 5/25
 14525 | D:9      | Reached skill level 6 in Stealth
 14657 | D:9      | Learned a level 4 spell: Summon Lightning Spire
 14671 | D:9      | Noticed Amaemon
 14678 | D:9      | Killed Amaemon
 14679 | D:9      | Reached skill level 7 in Stealth
 14822 | D:9      | Identified the +3 ring mail of the Arcane {rElec Str+3 SInv
                  | Stlth-}
 15145 | D:10     | Entered Level 10 of the Dungeon
 15206 | D:10     | Reached skill level 8 in Stealth
 15520 | D:10     | Reached ***** piety under Vehumet
 15558 | D:10     | Found a staircase to the Orcish Mines.
 15590 | D:10     | Offered knowledge of Iskenderun's Battlesphere by Vehumet.
 15625 | D:10     | Reached skill level 1 in Summonings
 15804 | D:10     | Noticed a two-headed ogre
 15808 | D:10     | Killed a two-headed ogre
 15809 | D:10     | Reached skill level 2 in Summonings
 15895 | D:10     | Noticed Snorg
 15901 | D:10     | Killed Snorg
 15902 | D:10     | Reached skill level 9 in Stealth
 15902 | D:10     | Reached skill level 3 in Summonings
 16220 | D:10     | Reached skill level 4 in Summonings
 16373 | D:10     | Identified the +0 leather armour of Quantum Leap {rC+
                  | Regen+ Int+2}
 16931 | D:11     | Reached skill level 5 in Summonings
 17023 | D:11     | Learned a level 5 spell: Iskenderun's Battlesphere
 17037 | D:11     | Reached skill level 1 in Armour
 17232 | D:11     | Reached skill level 2 in Armour
 18086 | D:11     | Reached skill level 3 in Armour
 18086 | D:11     | Reached skill level 6 in Summonings
 18092 | D:11     | Reached skill level 8 in Conjurations
 18457 | Lair:1   | Reached skill level 4 in Armour
 19242 | Lair:2   | Reached XP level 13. HP: 74/74 MP: 5/26
 19249 | Lair:1   | Reached skill level 9 in Spellcasting
 19640 | Lair:2   | Identified the +4 hand axe of the Elven Halls {heavy,
                  | *Corrode rElec rPois Int-4 SInv}
 19861 | Lair:2   | Reached skill level 10 in Spellcasting
 20801 | Lair:2   | Identified the +0 leather armour of Apathy {rCorr Int+3}
 21316 | Lair:3   | Found a hole to the Spider Nest.
 21321 | Lair:3   | Reached skill level 11 in Spellcasting
 21444 | Lair:3   | Noticed Nergalle
 21448 | Lair:3   | Killed Nergalle
 21534 | Lair:3   | Found a staircase to the Swamp.
 21545 | Lair:3   | Reached skill level 12 in Air Magic
 22197 | Lair:3   | Found a runed translucent door.
 22204 | Lair:3   | Noticed Rupert
 22215 | Lair:3   | HP: 6/74 [Rupert/+0 battleaxe of electrocution (13)]
 22221 | Lair:3   | Slain by Rupert

Vanquished Creatures
  Harold (D:9)
  A centaur warrior (D:8)
  4 two-headed ogres
  A boulder beetle (Lair:2)
  2 skysharks
  Nergalle (Lair:3)
  Amaemon (D:9)
  An orb spider (Lair:3)
  A deep elf zephyrmancer (Bailey)
  An orc knight (Bailey)
  An oklob plant (Lair:3)
  An ugly thing (D:9)
  A manticore (D:11)
  A torpor snail (Lair:2)
  Joseph (D:7)
  Jeremiah (D:6)
  2 cane toads
  2 gargoyles (D:11)
  3 black mambas
  An efreet (D:8)
  4 komodo dragons
  A rime drake (Lair:3)
  A troll (D:11)
  Grinder (D:5)
  6 blink frogs
  A vampire (D:11)
  A shadow (D:11)
  6 wyverns
  2 water elementals (D:11)
  20 yaks
  3 basilisks
  Eustachio (D:5)
  5 vampire mosquitoes
  A steam dragon (D:6)
  An acid dragon (D:11)
  12 water moccasins
  An ice beast (D:6)
  4 sky beasts
  A swamp drake (D:10)
  10 orc warriors
  2 black bears
  An ogre (D:6)
  11 wolves
  3 centaurs
  A phantom (D:5)
  9 kobold brigands
  7 bullfrogs
  2 gnoll sergeants
  4 scorpions
  A killer bee (D:8)
  5 electric eels (D:11)
  4 howler monkeys
  2 vampire bats (D:5)
  Crazy Yiuf (D:2)
  6 hounds
  2 jellies
  9 orc priests
  Jessica (D:3)
  10 orc wizards
  2 sleepcaps
  6 iguanas
  A statue (D:3)
  19 gnolls
  10 adders
  3 river rats
  A shadow imp (D:6)
  A white imp (D:8)
  An ufetubus (D:6)
  3 worms (Sewer)
  2 dart slugs
  63 orcs
  14 ball pythons
  6 bat zombies (D:5)
  9 endoplasms
  6 giant cockroaches
  14 hobgoblins
  20 jackals
  10 kobolds
  2 quokkas
  9 bats
  4 frilled lizards
  10 goblins
  14 rats
421 creatures vanquished.

Vanquished Creatures (collateral kills)
  Snorg (D:10)
  An oklob plant (Lair:3)
  2 cane toads (Lair:2)
  An orange demon (D:9)
  A polar bear (Lair:2)
  5 blink frogs
  4 yaks
  A human (Lair:3)
  2 vampire mosquitoes (Lair:3)
  A black bear (Lair:2)
  4 wolves (Lair:2)
  2 bullfrogs (Lair:1)
25 creatures vanquished.

Vanquished Creatures (others)
  3 orc warriors
  An orc (D:6)
4 creatures vanquished.

Grand Total: 450 creatures vanquished

Table legend: (Time is in decaauts)
 A = Elapsed time spent in this place.
 B = Non-inter-level travel time spent in this place.
 C = Inter-level travel time spent in this place.
 D = Time resting spent in this place.
 E = Time spent auto-exploring this place.
 F = Levels seen in this place.
 G = Mean time per level.
                   A        B        C        D        E       F      G
               +--------+--------+--------+--------+--------+-----+--------+
         Total |  22339 |  21432 |    907 |   3120 |  15080 |  17 | 1314.1 |
       Dungeon |  15752 |  14986 |    766 |   2040 |  10838 |  11 | 1432.0 |
        Temple |      1 |      1 |      0 |      0 |      0 |   1 |    1.0 |
          Lair |   4139 |   3999 |    140 |    479 |   2968 |   3 | 1379.7 |
         Sewer |   1529 |   1529 |      0 |    330 |   1004 |   1 | 1529.0 |
        Bailey |    915 |    915 |      0 |    271 |    270 |   1 |  915.0 |
               +--------+--------+--------+--------+--------+-----+--------+

Top non-repeatable levels by time:
     D:5: 2273 daAuts
     D:8: 2000 daAuts
    D:10: 1843 daAuts
   Sewer: 1529 daAuts
  Lair:2: 1504 daAuts
  Lair:1: 1463 daAuts
     D:9: 1428 daAuts
     D:6: 1377 daAuts
     D:3: 1371 daAuts
    D:11: 1300 daAuts
     D:4: 1224 daAuts
  Lair:3: 1171 daAuts
     D:1: 1075 daAuts
     D:7: 998 daAuts
  Bailey: 915 daAuts

Table legend:
 A = Non-vault XP
 B = Vault XP
 C = Vault XP percentage of total XP
 D = Non-vault monster count
 E = Vault monster count
 F = Vault count percentage of total count
                 A         B        C        D         E       F
            +---------+---------+-------+---------+---------+-------
      Total |   24352 |   22393 |  47.9 |     245 |     203 |  45.3
            +---------+---------+-------+---------+---------+-------
        D:1 |      53 |       4 |   7.0 |      32 |       3 |   8.6
        D:2 |      19 |      44 |  69.8 |      12 |       1 |   7.7
        D:3 |     144 |     106 |  42.4 |      25 |      10 |  28.6
        D:4 |     151 |       0 |   0.0 |      14 |       0 |   0.0
        D:5 |     669 |    1111 |  62.4 |      23 |      59 |  72.0
        D:6 |    1069 |     873 |  45.0 |      19 |       7 |  26.9
        D:7 |     577 |     496 |  46.2 |      10 |       2 |  16.7
        D:8 |     182 |    4371 |  96.0 |       8 |      18 |  69.2
        D:9 |    2201 |    3950 |  64.2 |      16 |      14 |  46.7
       D:10 |    3132 |    1547 |  33.1 |      16 |      18 |  52.9
       D:11 |    3601 |       0 |   0.0 |      20 |       0 |   0.0
     Lair:1 |    4547 |       0 |   0.0 |      20 |       0 |   0.0
     Lair:2 |    5810 |    2721 |  31.9 |      19 |      15 |  44.1
     Lair:3 |    2197 |    4290 |  66.1 |      11 |      10 |  47.6
      Sewer |       0 |     834 | 100.0 |       0 |      28 | 100.0
     Bailey |       0 |    2046 | 100.0 |       0 |      18 | 100.0
            +---------+---------+-------+---------+---------+-------

Levels and vault maps discovered:
D:1:      wander_arrival_lonely_grave, layout_rooms, minmay_pentomino_t4
D:2:      layout_rooms, chequers_serial_rivers_small_b, uniq_crazy_yiuf_cottage
D:3:      layout_rooms, vehumet_statue, beargit_hepliaklqana_dungeon_heroes,
          nzn_wu_jian_council_hall, mainiacjoe_overflow_alcove_1,
          old_standard_altar, portal_sewer_entry_b, grunt_ministairs_8,
          amcnicky_mini_pool_small
D:4:      layout_layer_cave, mainiacjoe_overflow_concentric_impassable
D:5:      lemuel_castle_with_subvaults [lemuel_castle_interior_carwin_2],
          layout_rooms, kennysheep_vampire_church, elyvilon_altar_5,
          nicolae_overflow_crystal_walls, uniq_eustachio, uniq_grinder
D:6:      layout_cave_pools, fedhas_altar_1, serial_shops,
          nicolae_shop_just_a_little_nook, minmay_fractal_squares_diagonal_5,
          uniq_jeremiah
D:7:      layout_rooms, nicolae_dithmenos_through_a_glass_darkly,
          minmay_temple_entry_proselytizer, uniq_joseph
D:8:      layout_rooms, xom_teletrap_fun, pf_just_have_faith, enter_bailey_3,
          serial_curves, eino_curves_01, eino_curves_02, nicolae_doodle_vault
D:9:      layout_stronghold, grunt_gozag_statues, mainiacjoe_overflow_paths,
          minmay_lair_entry_grove, lightli_corner_chamber, uniq_amaemon,
          uniq_harold
D:10:     layout_long_grid, erik_orc_1, uniq_snorg
D:11:     layout_basic
Temple:   hellmonk_temple_of_storms
Lair:1:   layout_cave_shapes
Lair:2:   layout_loops_ring, beast_lair_carwin_7, serial_bayou_shore_b,
          grunt_megastairs_1, lemuel_fruit_fields
Lair:3:   minmay_lair_oklob_chamber, layout_chaotic_city,
          minmay_swamp_entry_swarm, nicolae_spider_entry_orb_guardian,
          pdpol_lair_cabin_in_the_woods, uniq_nergalle
